Map: Abyssal Reef LE

Players

Dessa - Winner!

  • Race: Zerg Zerg
  • League: Diamond
  • Spawn Location: 11:00

Maczeta

  • Race: Zerg Zerg
  • League: Diamond
  • Spawn Location: 5:00

VOD

Have the link to the VOD?

Description

Time

  • Played on: Dec. 12, 2017, 1:49 p.m.
  • Length: 19:12
Show
View Real Time Build Order
Export as new Build Order

Dessa Zerg - Winner!

Build Orders: Pool First, Zergling Baneling 

Get SALT Encoding   

  12  0:01  Drone  
  13  0:09  Drone  
  14  0:27  Spawning Pool  
  13  0:30  Drone  
  13  0:34  Extractor  
  13  0:36  Drone  
  14  1:04  Hatchery  
  13  1:12  Drone  
  14  1:19  Overlord  
  14  1:37  Zergling x6  
  17  1:43  Metabolic Boost  
  17  1:58  Queen  
  19  2:04  Drone  
  20  2:18  Baneling Nest  
  20  2:20  Drone  
  20  2:23  Zergling x2  
  21  2:40  Zergling x4  
  23  2:44  Zergling x4  
  25  2:58  Zergling x6  
  26  3:05  Baneling x3  
  26  3:09  Zergling x2  
  27  3:15  Overlord  
  25  3:36  Zergling x4  
  27  3:45  Drone x4  
  31  3:53  Baneling x4  
  29  3:59  Zergling x4  
  23  4:19  Drone x4  
  23  4:22  Baneling x2  
  27  4:25  Queen  
  29  4:31  Drone  
  29  4:33  Drone  
  32  4:45  Drone  
  32  4:49  Drone, Roach Warren  
  32  4:50  Drone  
  33  4:59  Overlord  
  32  5:00  Overlord  
  32  5:08  Lair  
  32  5:17  Zergling x2  
  32  5:18  Zergling x4  
  32  5:19  Overlord  
  35  5:28  Drone x3  
  38  5:30  Drone  
  38  5:31  Drone  
  38  5:32  Zergling x2  
  41  5:44  Drone x2  
  41  5:45  Drone x2, Extractor  
  44  6:06  Glial Reconstitution  
  44  6:08  Drone  
  44  6:09  Drone x2  
  47  6:13  Extractor  
  47  6:14  Extractor  
  47  6:15  Evolution Chamber  
  47  6:16  Drone x4  
  47  6:17  Evolution Chamber  
  47  6:19  Roach x2  
  51  6:33  Hatchery  
  50  6:45  Drone x2  
  50  6:46  Overlord  
  52  6:48  Overlord  
  52  6:52  Zerg Ground Armor Level 1, Zerg Missile Weapons Level 1  
  51  7:16  Overlord  
  51  7:17  Roach x2  
  51  7:18  Roach  
  51  7:19  Drone  
  51  7:20  Drone x3  
  51  7:22  Drone  
  62  7:23  Roach x3  
  68  7:35  Roach x3  
  74  7:41  Overlord  
  74  7:45  Queen  
  74  7:47  Overlord  
  74  7:50  Roach x3  
  76  8:13  Roach x4  
  76  8:14  Roach  
  80  8:20  Roach x2  
  80  8:21  Roach x2  
  80  8:27  Roach x2  
  90  8:41  Roach  
  90  8:42  Roach x3  
  96  8:54  Drone  
  96  8:55  Drone x8  
  90  9:00  Zerg Ground Armor Level 2, Zerg Missile Weapons Level 2  
  89  9:09  Drone x3  
  92  9:15  Ravager x3  
  95  9:17  Roach  
  95  9:18  Overlord x2  
  97  9:28  Overlord x2  
  97  9:41  Roach x4  
  105  9:47  Roach x3  
  105  9:48  Ravager  
  105  9:49  Ravager x2  
  105  9:51  Roach x2  
  118  9:53  Roach x2  
  118  9:57  Overlord  
  118  9:58  Overlord  
  120  10:13  Overlord x2  
  120  10:15  Queen  
  120  10:18  Unknown  
  122  10:26  Overlord x2  
  122  10:32  Drone x6, Extractor x2  
  122  10:33  Drone x3  
  122  10:34  Drone  
  122  10:35  Drone  
  131  10:38  Pneumatized Carapace  
  131  10:49  Roach x4  
  139  10:57  Roach x2  
  139  10:58  Roach x3  
  139  11:01  Hatchery, Hydralisk Den, Overlord  
  147  11:19  Overlord  
  147  11:21  Overlord  
  147  11:28  Overlord  
  147  11:29  Overlord x2  
  147  11:32  Unknown, Hydralisk x2, Muscular Augments  
  147  11:33  Hydralisk  
  147  11:38  Hydralisk x4  
  147  11:39  Hydralisk x4  
  169  11:41  Unknown  
  169  11:50  Hydralisk x5  
  179  11:54  Hydralisk  
  179  11:56  Overlord  
  179  11:57  Hydralisk x2  
  185  12:11  Hydralisk x3  
  185  12:12  Hydralisk x2  
  195  12:20  Infestation Pit  
  195  12:21  Overlord  
  195  12:22  Overlord  
  194  12:27  Spine Crawler x2  
  194  12:29  Spine Crawler  
  191  12:30  Spine Crawler  
  147  13:06  Hydralisk x3  
  147  13:07  Roach x3  
  155  13:17  Hydralisk x2  
  155  13:18  Roach x5, Hydralisk x3  
  155  13:19  Roach  
  142  13:25  Hydralisk  
  142  13:26  Roach  
  131  13:41  Overseer  
  122  13:48  Hive  
  122  14:01  Hydralisk x5, Infestor  
  122  14:02  Roach x5  
  136  14:15  Hydralisk x3  
  136  14:16  Roach x3  
  108  14:44  Extractor x2  
  104  14:45  Queen  
  106  14:55  Drone x3  
  106  14:56  Overlord x2  
  109  15:01  Hatchery  
  109  15:04  Lurker Den  
  107  15:28  Zerg Ground Armor Level 3, Zerg Missile Weapons Level 3  
  107  15:31  Hydralisk x3  
  107  15:32  Roach x6, Hydralisk x2  
  107  15:33  Roach x9  
  107  15:34  Roach  
  149  16:11  Lurker Den  
  148  16:32  Drone x5  
  153  16:33  Drone  
  154  16:40  Lurker  
  154  16:41  Lurker x8  
  163  17:00  Unknown  
  163  17:01  Extractor  
  163  17:05  Extractor  
  161  17:40  Adaptive Talons  
  151  18:08  Overseer  
  151  18:16  Unknown  
  140  18:27  Roach, Hydralisk x3  
  140  18:28  Roach x4  
  147  18:48  Roach x6  
Show
View Real Time Build Order
Export as new Build Order

Maczeta Zerg 

Build Orders: Hatch First, Zergling Baneling 

Get SALT Encoding   

  12  0:01  Drone  
  13  0:13  Overlord  
  13  0:18  Drone  
  14  0:31  Drone x2  
  14  0:35  Drone  
  17  0:56  Hatchery  
  16  0:57  Extractor  
  15  1:11  Spawning Pool  
  15  1:13  Drone  
  15  1:16  Drone  
  16  1:21  Drone  
  16  1:24  Drone  
  18  1:35  Drone  
  19  1:46  Drone  
  20  1:58  Queen  
  20  1:59  Overlord  
  22  2:03  Metabolic Boost  
  22  2:13  Queen  
  24  2:17  Zergling x2  
  24  2:19  Zergling x2  
  26  2:26  Zergling x2  
  26  2:27  Drone  
  26  2:29  Drone  
  25  2:45  Zergling x2  
  25  2:54  Zergling x2  
  25  2:55  Drone  
  25  3:01  Drone x3  
  28  3:05  Drone  
  28  3:06  Baneling Nest  
  27  3:30  Zergling x4  
  27  3:31  Zergling x8  
  31  3:36  Zergling x4  
  31  3:37  Zergling x4  
  31  3:50  Baneling x2  
  31  3:51  Baneling x2  
  31  3:52  Queen  
  31  4:15  Zergling x2  
  31  4:16  Zergling x12  
  31  4:21  Baneling x3  
  31  4:32  Drone  
  31  4:33  Drone x2  
  31  4:35  Baneling  
  34  4:42  Overlord  
  34  4:52  Drone  
  35  4:53  Drone  
  36  5:00  Drone  
  36  5:01  Drone  
  36  5:02  Drone  
  36  5:03  Drone x2  
  36  5:05  Drone  
  42  5:15  Roach Warren  
  42  5:16  Drone  
  42  5:19  Drone  
  43  5:24  Drone  
  43  5:25  Overlord  
  43  5:46  Drone x3  
  43  5:47  Drone x5  
  43  5:48  Lair  
  51  5:51  Extractor  
  51  5:56  Extractor, Overlord  
  49  6:14  Drone  
  49  6:17  Overlord  
  49  6:18  Overlord  
  50  6:19  Drone  
  50  6:21  Drone  
  50  6:23  Drone  
  50  6:24  Drone  
  54  6:26  Hatchery  
  54  6:27  Drone  
  54  6:43  Overlord, Evolution Chamber  
  54  6:47  Roach x4  
  55  6:48  Roach, Extractor  
  55  6:50  Roach  
  64  6:55  Roach x2  
  67  7:19  Zerg Missile Weapons Level 1  
  67  7:20  Glial Reconstitution  
  67  7:22  Evolution Chamber  
  66  7:23  Drone x10  
  66  7:26  Ravager x3  
  66  7:27  Ravager  
  66  7:28  Ravager  
  81  7:41  Queen  
  81  7:42  Drone  
  84  7:51  Drone  
  85  7:52  Roach x2  
  85  7:54  Overlord x2  
  85  7:56  Overlord  
  89  8:05  Spine Crawler  
  82  8:17  Roach  
  82  8:19  Roach x4  
  88  8:20  Roach x5  
  90  8:27  Roach  
  90  8:28  Roach  
  90  8:30  Roach  
  94  8:41  Roach  
  94  8:42  Roach x3  
  98  8:52  Roach x2  
  98  8:59  Drone  
  98  9:00  Drone x10  
  109  9:04  Zerg Ground Armor Level 1  
  109  9:15  Ravager x2  
  109  9:16  Ravager  
  112  9:25  Roach  
  112  9:26  Overlord x2  
  112  9:27  Overseer  
  114  9:34  Overlord x3  
  114  9:36  Zerg Missile Weapons Level 2  
  114  9:39  Hydralisk Den  
  113  9:49  Roach x8  
  129  9:57  Roach  
  129  9:58  Roach x2  
  131  10:17  Drone, Overlord x2  
  131  10:18  Drone x3  
  135  10:24  Extractor  
  135  10:25  Overseer  
  135  10:26  Extractor  
  133  10:36  Overlord  
  133  10:37  Overlord  
  133  10:38  Muscular Augments  
  133  10:43  Hatchery, Infestation Pit  
  133  10:49  Lurker Den  
  127  11:06  Roach  
  127  11:07  Roach x12  
  153  11:26  Overlord x2  
  153  11:27  Drone x5  
  158  11:37  Drone  
  158  11:38  Drone  
  160  11:46  Hive  
  160  11:47  Zerg Ground Armor Level 2  
  160  11:55  Zergling x12  
  160  11:56  Hatchery  
  165  12:31  Hydralisk  
  165  12:32  Hydralisk x5  
  175  12:40  Hydralisk x10  
  175  12:41  Hydralisk  
  184  12:58  Overlord x3  
  184  12:59  Overlord x2  
  144  13:07  Lurker x2  
  144  13:08  Lurker  
  100  13:20  Roach x6  
  100  13:21  Roach x5  
  101  13:34  Roach  
  101  13:35  Roach x5  
  113  13:45  Spine Crawler  
  111  13:48  Spine Crawler, Roach  
  111  13:49  Roach x5  
  111  13:51  Roach  
  119  14:02  Roach  
  119  14:03  Roach x3  
  119  14:07  Roach  
  124  14:13  Roach x3  
  124  14:15  Queen  
  111  14:20  Roach  
  111  14:21  Roach  
  99  14:24  Roach  
  99  14:25  Roach x4  
  92  14:40  Roach  
  92  14:41  Roach x4  
  92  14:45  Spine Crawler  
  101  14:47  Spine Crawler  
  101  14:48  Drone  
  101  14:50  Roach x5  
  111  14:56  Hydralisk x6  
  123  15:10  Zerg Missile Weapons Level 3  
  123  15:12  Hatchery  
  123  15:13  Hydralisk x2  
  126  15:17  Spine Crawler  
  126  15:18  Extractor x2  
  126  15:20  Spine Crawler  
  122  15:30  Lurker x3  
  122  15:31  Lurker  
  126  15:41  Lurker  
  127  15:48  Overseer  
  127  15:52  Drone  
  127  15:53  Drone  
  127  15:54  Drone x2  
  131  15:58  Drone x2  
  133  16:07  Drone  
  133  16:10  Extractor  
  133  16:11  Hydralisk  
  133  16:12  Hydralisk x6  
  147  16:23  Hydralisk  
  147  16:24  Hydralisk x2  
  147  16:25  Roach  
  155  16:26  Roach, Zergling x2  
  158  16:43  Queen  
  158  16:44  Drone  
  158  16:45  Drone  
  158  16:46  Spine Crawler  
  161  16:50  Hydralisk  
  161  16:51  Hydralisk x6  
  175  16:55  Queen  
  175  17:00  Drone  
  175  17:01  Drone  
  179  17:02  Drone  
  179  17:03  Drone x2  
  179  17:08  Drone x2  
  184  17:09  Drone  
  184  17:12  Drone  
  186  17:30  Extractor  
  183  17:42  Drone, Spire  
  183  17:43  Drone x4  
  187  18:04  Hydralisk x4  
  187  18:05  Hydralisk, Overseer  
  194  18:06  Overseer  
  189  18:19  Roach  
  120  18:20  Roach x18  
  120  18:21  Roach x2  
  142  18:38  Hydralisk  
  142  18:39  Hydralisk x5  
Tags
 
Add a new tag
Caveats
  • Supply blocks, unpowered buildings, or Contaminate may cause inaccurate times.
  • Supply counts are checked every 10 seconds.